 Dungeon Crawl Stone Soup version 0.19-a0-1670-gc28a5d9 (webtiles) character file.

841 oshikia the Poker (level 7, -4/56 HPs)
             Began as a Demonspawn Gladiator on Sept 21, 2016.
             Slain by veccon's ghost (7 damage)
             ... on level 3 of the Dungeon.
             The game lasted 00:08:32 (4466 turns).

oshikia the Poker (Demonspawn Gladiator)            Turns: 4466, Time: 00:08:33

Health: -4/56      AC:  5    Str: 15    XL:     7   Next: 67%
Magic:  0/7        EV: 12    Int: 12    God:
Gold:   173        SH:  0    Dex: 15    Spells: 0 memorised, 6 levels left

rFire  . . .     SeeInvis .     n - +2 spear (vamp)
rCold  . . .     Gourm    .     b - +0 leather armour
rNeg   . . .     Faith    .     (no shield)
rPois  .         Spirit   +     c - +0 helmet
rElec  .         Dismiss  .     (no cloak)
rCorr  .         Reflect  .     y - +0 pair of gloves
MR     .....     Harm     .     (no boots)
Stlth  +.........               (no amulet)
                                (no ring)
                                o - +2 ring of intelligence

@: no status effects
A: claws 1, powered by death 1, wild magic 1, magic shield
a: no special abilities


You were on level 3 of the Dungeon.
You were not hungry.

You visited 1 branch of the dungeon, and saw 4 of its levels.

You collected 173 gold pieces.

Inventory:

Hand Weapons
 a - a +0 trident
 n - a +2 vampiric spear (weapon)
Missiles
 d - 2 throwing nets (quivered)
Armour
 b - a +0 leather armour (worn)
 c - a +0 helmet (worn)
 y - a +0 pair of gloves (worn)
Jewellery
 o - a +2 ring of intelligence (left hand)
Wands
 r - a wand of random effects (25/48)
 s - a wand of lightning (8/15)
Scrolls
 e - 3 scrolls of recharging {unknown}
 h - a scroll of enchant weapon {unknown}
 k - 3 scrolls of amnesia {unknown}
 m - 5 scrolls of remove curse {unknown}
 p - 3 scrolls of identify {unknown}
 q - a scroll of magic mapping {unknown}
 u - a scroll of enchant armour {unknown}
Potions
 l - a potion of curing
 t - a potion of resistance
Comestibles
 f - 3 bread rations
 g - 2 meat rations
 i - 3 fruits
 w - a beef jerky
 x - a chunk of flesh


   Skills:
 + Level 5.4 Fighting
 * Level 7.0 Polearms
 - Level 1.7 Throwing
 - Level 2.6 Dodging


You had 6 spell levels left.
You didn't know any spells.

Dungeon Overview and Level Annotations

Branches:
Dungeon (4/15)
 Temple: D:4-7

Altars:
Nemelex Xobeh
The Shining One

Annotations:
D:3 veccon's ghost, amateur MiFi


Innate Abilities, Weirdness & Mutations

You have sharp fingernails.
You regenerate a little health from kills.
When hurt, damage is shared between your health and your magic reserves.
Your spells are a little harder to cast, but a little more powerful.


Message History

Veccon's ghost is severely damaged.
Veccon's ghost closely misses you.
You hit veccon's ghost but do no damage.
Veccon's ghost is severely damaged.
You hit veccon's ghost.
Veccon's ghost is severely damaged.
Veccon's ghost hits you!
* * * LOW HITPOINT WARNING * * *
You hit veccon's ghost.
Veccon's ghost is almost destroyed.
Veccon's ghost hits you but does no damage.
You hit veccon's ghost.
Veccon's ghost is almost destroyed.
Veccon's ghost misses you.
You hit veccon's ghost but do no damage.
Veccon's ghost is almost destroyed.
You hit veccon's ghost but do no damage.
Veccon's ghost is almost destroyed.
Veccon's ghost hits you!
You die...

#.# ### #.# ##.########.#
#............ #..>........
#..#######.# ### #.W#
#.... ##.######..#####.#.#
##.#@W..............#
######.###.#.........#....
#.....## #..###.###.#.###
#.####.# #.#.# #.# #......
#.# #.#. #.# #.# #.#.###
#.# #.. ...##......... #.#
####..####.##..### #.# ###
##..####. #..## #.# #..
.... .. ....


You could see veccon's ghost.

Vanquished Creatures
  Sigmund (D:2)
  An ogre (D:4)
  3 hounds (D:4)
  2 centaur skeletons (D:4)
  3 orc wizards (D:4)
  Ijyb (D:2)
  Natasha (thrice) (D:3)
  A hound zombie (D:4)
  2 hound skeletons (D:4)
  3 worker ant zombies (D:4)
  4 gnolls (D:4)
  7 adders
  2 oozes (D:2)
  3 worms (D:2)
  A dart slug (D:2)
  2 leopard geckos
  An orc (D:4)
  2 giant cockroaches
  12 goblins
  10 hobgoblins
  3 jackals (D:2)
  A quokka (D:2)
  A ball python (D:3)
  A ball python zombie (D:4)
  5 bats
  7 frilled lizards
  5 kobolds
  A quokka skeleton (D:4)
  A quokka zombie (D:4)
  3 rats
92 creatures vanquished.

Notes
Turn   | Place    | Note
-------+----------+-------------------------------------------
     0 | D:1      | oshikia the Demonspawn Gladiator began the quest for the Orb.
     0 | D:1      | Reached XP level 1. HP: 16/16 MP: 1/1
   142 | D:1      | Reached skill level 3 in Polearms
   215 | D:1      | Gained mutation: You have sharp fingernails. [demonic ancestry]
   215 | D:1      | Reached XP level 2. HP: 22/22 MP: 2/2
   712 | D:2      | Gained mutation: You regenerate a little health from kills. [demonic ancestry]
   712 | D:2      | Reached XP level 3. HP: 21/28 MP: 3/3
   988 | D:2      | Noticed Sigmund
  1014 | D:2      | Killed Sigmund
  1014 | D:2      | Reached skill level 4 in Polearms
  1014 | D:2      | Gained mutation: When hurt, damage is shared between your health and your magic reserves. [demonic ancestry]
  1014 | D:2      | Reached XP level 4. HP: 37/37 MP: 4/4
  1014 | D:2      | Reached XP level 5. HP: 42/42 MP: 5/5
  1272 | D:2      | Noticed Ijyb
  1300 | D:2      | Killed Ijyb
  1300 | D:2      | Reached skill level 5 in Polearms
  1813 | D:2      | Found a glowing golden altar of the Shining One.
  1927 | D:3      | Noticed Natasha
  1933 | D:3      | Killed Natasha
  1933 | D:3      | Reached XP level 6. HP: 17/48 MP: 2/6
  1954 | D:3      | Found a sparkling altar of Nemelex Xobeh.
  2368 | D:3      | Noticed Natasha
  2369 | D:3      | Noticed veccon's ghost (amateur MiFi)
  2376 | D:3      | Killed Natasha
  2617 | D:3      | Gained mutation: Your flesh is cold resistant. (rC+) [potion of mutation]
  2617 | D:3      | Gained mutation: You have large cloven feet. [potion of mutation]
  2617 | D:3      | Lost mutation: You have large cloven feet. [potion of mutation]
  2618 | D:3      | Lost mutation: Your flesh is cold resistant. (rC+) [potion of cure mutation]
  2916 | D:3      | Noticed Natasha
  2926 | D:3      | Killed Natasha
  3548 | D:4      | Reached skill level 6 in Polearms
  3548 | D:4      | Reached XP level 7. HP: 39/55 MP: 7/7
  3816 | D:4      | Reached skill level 5 in Fighting
  3852 | D:4      | Gained mutation: Your body sometimes deteriorates upon taking damage. [potion of mutation]
  3852 | D:4      | Gained mutation: You have large cloven feet. [potion of mutation]
  3852 | D:4      | Gained mutation: Your body often deteriorates upon taking damage. [potion of mutation]
  3856 | D:4      | Lost mutation: You have large cloven feet. [potion of cure mutation]
  3856 | D:4      | Lost mutation: Your body often deteriorates upon taking damage. [potion of cure mutation]
  3856 | D:4      | Lost mutation: Your body sometimes deteriorates upon taking damage. [potion of cure mutation]
  4236 | D:4      | Reached skill level 7 in Polearms
  4437 | D:3      | Gained mutation: Your spells are a little harder to cast, but a little more powerful. [potion of beneficial mutation]
  4462 | D:3      | HP: 2/56 [veccon's ghost (10)]
  4466 | D:3      | Slain by veccon's ghost

Vault maps used:
D:1:      scummos_arrival_hexagon, dk_noncrumbling_4, serial_bayou_lagoon_a,
          serial_bayou_lake_a
D:2:      kennysheep_goblin_castle, tso_altar, uniq_sigmund
D:3:      minivault_14, nemelex_spade_bored_becter, uniq_natasha
D:4:      first_bread, serial_undead, serial_undead_d, serial_undead_c,
          serial_undead_a, serial_undead_b

Skill      XL: |  1  2  3  4  5  6  7 |
---------------+----------------------+-----
Polearms       | 3 4 5 6 7 |  7.0
Fighting       | 3 4 5 |  5.4
Throwing       | |  1.7
Dodging        | |  2.6

Action                   |  1- 3 |  4- 6 |  7- 9 || total
-------------------------+-------+-------+-------++-------
Melee: Trident           |    92 |   211 |       ||   303
       Spear             |       |    37 |   174 ||   211
Throw: Throwing net      |     2 |     1 |       ||     3
  Use: Potion            |     1 |     4 |     4 ||     9
 Stab: Sleeping          |     1 |     4 |     1 ||     6
       Held in net/web   |     1 |     1 |       ||     2
  Eat: Chunk             |       |     8 |     3 ||    11
       Bread ration      |       |     1 |       ||     1
       Fruit             |       |     1 |       ||     1
Armor: Leather armour    |    24 |    62 |    20 ||   106
Dodge: Dodged            |    48 |   145 |    54 ||   247
